AoeStats
← PainEATER

Arena

505850119Analyzed
2v2 RM · 20d ago on Sep 11, 2026· 75m 27s· 4 players
Game mode
Random Map
Map size
Medium (4 player)
Population
200
Speed
Normal
Resources
Standard
Victory
Conquest
Starting age
Dark Age
Ending age
Imperial Age
RankedLock teamsTeams togetherTeam positionsShared explorationLock speedFull tech treeHidden civsTurbo modeCheats
Victory
Defeat
🇹🇷 Khmer · Türkiye
609
+15
🇹🇷 Teutons · Türkiye
609
+15
🇯🇵 Mongols · Japan
638
-16
🇦🇷 Khmer · Argentina
557
-14
Santi el Rey
0:53 Loom
11:37 Feudal Age
12:44 Arson
13:39 Town Watch
15:22 Wheelbarrow
17:12 Horse Collar
19:34 Double-Bit Axe
25:12 Castle Age
25:36 Crossbowman
28:31 Scale Mail Armor
28:31 Padded Archer Armor
30:46 Husbandry
31:38 Heavy Plow
32:20 Ballistics
33:11 Murder Holes
35:01 Town Patrol
36:52 Tusk Swords
37:11 Hand Cart
37:50 Fletching
38:10 Forging
38:05 Scale Barding Armor
38:01 Padded Archer Armor
38:17 Chain Mail Armor
38:21 Bow Saw
39:28 Pikeman
46:15 Imperial Age
43:43 Bodkin Arrow
43:50 Gold Mining
44:04 Stone Mining
46:57 Leather Archer Armor
47:17 Iron Casting
47:03 Chain Barding Armor
46:26 Cavalier
49:18 Elite Battle Elephant
50:55 Hoardings
49:41 Elite Ballista Elephant
51:34 Stone Shaft Mining
51:35 Gold Shaft Mining
51:41 Plate Barding Armor
51:36 Ring Archer Armor
53:08 Bloodlines
54:12 Double Crossbow
70:10 Chemistry
satoshi.urushiyama
1:18 Loom
12:43 Feudal Age
15:49 Wheelbarrow
16:19 Double-Bit Axe
16:18 Horse Collar
16:36 Gold Mining
16:28 Man-at-Arms
23:13 Castle Age
21:27 Stone Mining
26:42 Husbandry
26:53 Bloodlines
28:35 Wheelbarrow
28:03 Heavy Plow
28:43 Gold Shaft Mining
29:04 Bow Saw
30:40 Thumb Ring
33:12 Long Swordsman
35:07 Hand Cart
36:48 Stone Shaft Mining
36:33 Caravan
40:40 Imperial Age
39:11 Town Watch
41:21 Onager
43:42 Forging
43:32 Scale Mail Armor
43:38 Scale Barding Armor
43:33 Padded Archer Armor
43:24 Fletching
43:49 Forging
43:39 Scale Mail Armor
43:03 Capped Ram
43:05 Heavy Scorpion
44:20 Masonry
44:32 Ballistics
45:14 Chemistry
44:22 Siege Engineers
45:09 Drill
45:19 Nomads
45:03 Siege Ram
46:47 Elite Mangudai
51:09 Hoardings
50:05 Sappers
50:56 Conscription
50:24 Heavy Camel Rider
55:40 Elite Skirmisher
56:47 Parthian Tactics
57:28 Heavy Cavalry Archer
59:39 Bodkin Arrow
60:00 Leather Archer Armor
60:06 Chain Barding Armor
60:48 Siege Onager
69:26 Crossbowman
Bay Gandalf
0:41 Loom
14:09 Feudal Age
15:27 Wheelbarrow
14:41 Double-Bit Axe
14:38 Horse Collar
15:51 Gold Mining
15:52 Stone Mining
23:28 Castle Age
22:00 Man-at-Arms
22:26 Arson
24:27 Bloodlines
25:32 Long Swordsman
25:32 Pikeman
25:58 Gambesons
26:14 Squires
26:41 Hand Cart
26:53 Heavy Plow
27:32 Bow Saw
29:42 Forging
29:38 Scale Barding Armor
29:35 Scale Mail Armor
30:14 Gambesons
33:27 Stone Shaft Mining
37:06 Imperial Age
35:22 Caravan
35:54 Coinage
38:11 Conscription
39:32 Chemistry
38:21 Elite Teutonic Knight
39:08 Cavalier
41:14 Squires
45:51 Two-Man Saw
45:24 Crop Rotation
44:45 Paladin
46:49 Chain Barding Armor
47:09 Iron Casting
56:16 Town Watch
58:06 Padded Archer Armor
57:57 Fletching
58:55 Plate Barding Armor
60:35 Blast Furnace
59:52 Chain Mail Armor
61:18 Banking
61:04 Guilds
61:44 Bombard Tower
61:40 Fortified Wall
61:49 Siege Engineers
68:07 Heavy Scorpion
PainEATER
14:31 Feudal Age
16:15 Gold Mining
16:28 Stone Mining
17:52 Double-Bit Axe
17:52 Horse Collar
20:45 Castle Age
19:09 Forging
19:02 Scale Mail Armor
21:40 Scale Barding Armor
22:12 Iron Casting
24:17 Bow Saw
26:10 Gold Shaft Mining
26:11 Stone Shaft Mining
25:45 Heavy Plow
34:22 Caravan
35:20 Tusk Swords
35:47 Chain Barding Armor
35:42 Chain Mail Armor
35:30 Padded Archer Armor
35:23 Fletching
40:11 Imperial Age
41:55 Wheelbarrow
41:06 Town Watch
41:06 Loom
41:43 Double Crossbow
41:55 Elite Battle Elephant
43:46 Town Patrol
44:02 Hand Cart
44:27 Plate Barding Armor
44:58 Blast Furnace
47:52 Hoardings
50:11 Pikeman
50:37 Arson
51:28 Elite Ballista Elephant
60:49 Coinage
60:56 Halberdier
Connection lost

Rejoining the realm…

Still unreachable

The connection could not be restored.

Session expired

The server has moved on; the page needs a fresh start.